 Dungeon Crawl Stone Soup version 0.31-a0-854-g362426d53f (webtiles) character file.

Game seed: 9119910212243389100

935 avis the Gouger (level 7, 31/31 HPs)
             Began as a Felid Fighter on Oct 8, 2023.
             Got out of the dungeon alive.
             The game lasted 00:27:03 (5308 turns).

avis the Gouger (Felid Fighter)                     Turns: 5308, Time: 00:27:03

Health: 31/31      AC:  2    Str: 14    XL:     7   Next: 87%
Magic:  8/8        EV: 20    Int:  9    God:
Gold:   333        SH:  0    Dex: 16    Spells: 4/6 levels left
                                        Lives:  0   Deaths: 2

rFire   . .          .
                       - Unarmed
rCold   . . .        (shield unavailable)
rNeg    . . .        (body armour unavailable)
rPois   .            (helmet unavailable)
rElec   .            (cloak unavailable)
rCorr   +            (gloves unavailable)
SInv    +            (boots unavailable)
Will    +....        (no amulet)
Stlth   +++          n - ring of resist corrosion
HPRegen 0.25/turn    (no ring)
MPRegen 0.11/turn

%: no passive effects
@: quick
A: very small, claws 1, fangs 3, see invisible, speed 1, shaggy fur 2, stealthy
paws, no weapons or thrown items, no armour, multi-lived
a: no special abilities


You escaped.
You visited 1 branch of the dungeon, and saw 5 of its levels.
You also visited: Ossuary.

You collected 333 gold pieces.

Inventory:

Jewellery
 n - a ring of resist corrosion (left paw)
Wands
 a - a wand of polymorph (6)
Scrolls
 b - 3 scrolls of immolation {unknown}
 d - a scroll of poison {unknown}
 e - a scroll of revelation {unknown}
 f - a scroll of acquirement {unknown}
 g - a scroll of enchant weapon {unknown}
 h - 2 scrolls of butterflies {unknown}
 l - 3 scrolls of teleportation {unknown}
 s - 2 scrolls of enchant armour {unknown}
Potions
 i - a potion of degeneration
 j - 2 potions of resistance
 k - a potion of mutation {unknown}
 m - a potion of cancellation {unknown}
 o - 3 potions of lignification
 p - a potion of curing {unknown}
 q - 2 potions of haste
 r - 2 potions of heal wounds {unknown}


   Skills:
 - Level 3.0 Fighting
 - Level 6.0 Dodging
 - Level 6.0 Stealth
 * Level 8.2 Unarmed Combat


You had 4 spell levels left.
You knew the following spells:

 Your Spells              Type           Power      Damage    Failure   Level
e - Wereblood             Tmut           0%         N/A       52%         2

Your spell library contained the following spells:

 Spells                   Type           Power      Damage    Failure   Level
 Cigotuvi's Dreadful Rot  Necr/Pois/Air  0%         N/A       52%         2
 Sublimation of Blood     Necr           0%         N/A       52%         2
 Ignite Poison            Fire/Tmut/Pois 0%         N/A       77%         3
 Freezing Cloud           Conj/Ice/Air   0%         6-21      100%        5
 Summon Hydra             Summ           0%         N/A       100%        7


Dungeon Overview and Level Annotations

Branches:
Dungeon (5/15)            Ossuary (visited)
 Temple: D:4-7

Altars:

Annotations:
D:4 Dowan, Duvessa


Innate Abilities, Weirdness & Mutations

You have sharp claws.
You have razor-sharp teeth.
You have supernaturally acute eyesight. (SInv)
You cover ground quickly. (Speed+)
You are covered in thick fur. (AC +2)
Your paws help you pounce on unaware monsters.
You are incapable of wielding weapons or throwing items.
You cannot wear armour.
You gain extra lives every three experience levels.


Message History

Duvessa hits you with a +0 short sword of speed!
You claw Duvessa! Your bite misses Duvessa.
Duvessa is moderately wounded.
Duvessa barely misses you. Duvessa completely misses you.
You barely miss Duvessa.
Duvessa is moderately wounded.
Dowan's feet meld with the ground, briefly.
Duvessa misses you.
You completely miss Duvessa.
Duvessa is moderately wounded.
Duvessa hits you with a +0 short sword of speed!
You claw Duvessa!
Duvessa is heavily wounded.
Duvessa closely misses you.
You claw Duvessa!
Duvessa is severely wounded.
Duvessa hits you with a +0 short sword of speed.
* * * LOW HITPOINT WARNING * * *
Dowan hits you with a +0 dagger.
* * * LOW HITPOINT WARNING * * *
Duvessa hits you with a +0 short sword of speed!
You die...
You rejoin the land of the living...
What level of the Dungeon? (default 4, ? - help)
You see here a +0 war axe.
There is an escape hatch in the floor here.
There is a stone staircase leading up here.
You climb upwards.
There is a stone staircase leading down here.
There is an open door here.
You see here 9 stones.
There is a stone staircase leading up here.
You climb upwards.
There is a stone staircase leading down here.
You see here 4 stones.
There is a stone staircase leading up here.
You climb upwards.
There is a stone staircase leading down here.
There is a staircase leading out of the dungeon here.
You have escaped!

###############
#......@..~~..#
##P...PP..P.~≈.#
##≈#..~..P...~..#
#≈≈#............#
######
#≈~~...P~....~≈.#
....>#
##~~..~.~......##
####.#
#.~~.P~..P....P.#
# #.#
#~~.PP....~.....#
# #.#
##.~......~.~.~##


There were no monsters in sight!

Vanquished Creatures
  Edmund (D:5)
  2 black bears
  An ogre (D:5)
  An elf zombie (Ossuary)
  An elf skeleton (D:5)
  2 scorpions
  A human zombie (Ossuary)
  A hound (D:3)
  An iguana (D:5)
  Jessica (D:2)
  2 human skeletons (D:5)
  4 mummies (Ossuary)
  2 adders
  An adder zombie (Ossuary)
  A worm (D:3)
  3 dart slugs
  4 orcs
  11 ball pythons
  5 endoplasms
  4 giant cockroaches
  A gnoll zombie (Ossuary)
  4 hobgoblins
  3 jackals (D:4)
  7 kobolds
  4 quokkas
  4 bats
  4 frilled lizards
  5 goblins
  2 kobold zombies (Ossuary)
  2 orc skeletons (D:5)
  2 orc zombies
  A rat (D:2)
  5 rat zombies (Ossuary)
93 creatures vanquished.

Notes
Turn   | Place    | Note
-------+----------+-------------------------------------------
     0 | D:1      | avis the Felid Fighter began the quest for the Orb.
     0 | D:1      | Reached XP level 1. HP: 10/10 MP: 2/2
    44 | D:1      | Reached skill level 1 in Stealth
   197 | D:1      | Reached XP level 2. HP: 6/14 MP: 3/3
   243 | D:1      | Found a faded altar of an unknown god.
   608 | D:1      | Reached XP level 3. HP: 16/17 MP: 4/4
  1008 | D:2      | Noticed Jessica
  1024 | D:2      | Killed Jessica
  1025 | D:2      | Reached skill level 5 in Unarmed Combat
  1172 | D:2      | Learned a level 2 spell: Wereblood
  1624 | D:2      | Reached XP level 4. HP: 21/21 MP: 5/5
  2398 | D:3      | Reached skill level 6 in Unarmed Combat
  2947 | D:4      | Noticed a scorpion
  2951 | D:4      | Killed a scorpion
  2952 | D:4      | Reached skill level 5 in Dodging
  2952 | D:4      | Reached XP level 5. HP: 11/24 MP: 6/6
  3099 | D:4      | Noticed Duvessa
  3268 | D:4      | Identified the +8 chain mail of Tixeujuth {rF+ rCorr SInv}
  3565 | D:4      | Noticed a black bear
  3583 | D:4      | Killed a black bear
  3584 | D:4      | Gained mutation: You are covered in thick fur. (AC +2)
                  | [Felid growth]
  3584 | D:4      | Reached XP level 6. HP: 28/28 MP: 7/7
  3842 | D:4      | Noticed Dowan
  4231 | D:5      | Entered Level 5 of the Dungeon
  4239 | D:5      | Reached skill level 5 in Stealth
  4351 | D:5      | Noticed Edmund
  4418 | D:5      | Reached XP level 7. HP: 22/31 MP: 8/8
  4518 | D:5      | Killed Edmund
  4519 | D:5      | Reached skill level 7 in Unarmed Combat
  4601 | D:5      | Found a sand-covered staircase.
  4606 | Ossuary  | Entered an ossuary
  4736 | Ossuary  | Reached skill level 8 in Unarmed Combat
  5102 | D:5      | Killed from afar by a white imp
  5191 | D:4      | Slain by Duvessa
  5308 | D:$      | Got out of the dungeon alive.

Illustrated notes

Levels and vault maps discovered:
D:1:      lemuel_arrival_muddy, layout_basic,
          ebering_ecumenical_altar_petrified, grunt_decor_junction
D:2:      layout_rooms, minmay_misc_feat_iff, minmay_3d_cube, uniq_jessica
D:3:      layout_basic
D:4:      layout_loops_ring, serial_bayou_lake_a, uniq_duvessa
D:5:      layout_rooms, nicolae_ossuary_entry_catacombs, uniq_edmund

Skill      XL: |  1  2  3  4  5  6  7 |
---------------+----------------------+-----
Stealth        | 2 3 6 |  6.0
Unarmed Combat | 5 6 8 |  8.2
Dodging        | 5 6 |  6.0
Fighting       | |  3.0

Action                     |  1- 3 |  4- 6 |  7- 9 || total
---------------------------+-------+-------+-------++-------
  Melee: Unarmed           |    69 |   109 |   134 ||   312
         Bite              |     5 |    16 |    14 ||    35
         Punch             |     2 |     4 |    13 ||    19
    Use: Potion            |       |     1 |     1 ||     2
         Scroll            |       |       |     5 ||     5
   Stab: Sleeping          |     5 |     7 |     5 ||    17
         Invisible         |       |       |     4 ||     4
 Armour: Skin              |    12 |    39 |    37 ||    88
  Dodge: Dodged            |    43 |    60 |    73 ||   176

Table legend: (Time is in decaauts)
 A = Elapsed time spent in this place.
 B = Non-inter-level travel time spent in this place.
 C = Inter-level travel time spent in this place.
 D = Time resting spent in this place.
 E = Time spent auto-exploring this place.
 F = Levels seen in this place.
 G = Mean time per level.
                   A        B        C        D        E       F      G
               +--------+--------+--------+--------+--------+-----+--------+
         Total |   4485 |   4053 |    432 |    679 |   1832 |   6 |  747.5 |
       Dungeon |   4240 |   3808 |    432 |    679 |   1832 |   5 |  848.0 |
       Ossuary |    245 |    245 |      0 |      0 |      0 |   1 |  245.0 |
               +--------+--------+--------+--------+--------+-----+--------+

Top non-repeatable levels by time:
     D:4: 1292 daAuts
     D:3: 901 daAuts
     D:1: 815 daAuts
     D:2: 682 daAuts
     D:5: 549 daAuts
 Ossuary: 245 daAuts
